 Dungeon Crawl Stone Soup version 0.21-a0-538-gd16b88a (webtiles) character file.

27129 KristoblXynda the Covert (level 13, -3/109 HPs)
             Began as a Naga Gladiator on Dec 15, 2017.
             Was the Champion of Cheibriados.
             Slain by a swamp worm (13 damage)
             ... on level 5 of the Lair of Beasts.
             The game lasted 00:46:17 (16572 turns).

KristoblXynda the Covert (Naga Gladiator)          Turns: 16572, Time: 00:46:17

Health: -3/109     AC: 19    Str: 33    XL:     13   Next: 30%
Magic:  0/20       EV: 13    Int: 32    God:    Cheibriados [******]
Gold:   880        SH:  7    Dex: 30    Spells: 12/12 levels left

rFire    + . .     SeeInvis +   n - +3 whip (elec)
rCold    . . .     Gourm    .   g - +0 buckler
rNeg     . . .     Faith    .   B - +0 troll leather armour
rPois    +         Spirit   +   a - +3 crown of Dyrovepreva {rElec Int+2 SInv}
rElec    +         Reflect  .   v - +0 cloak
rCorr    .         Harm     .   r - +1 pair of gloves
MR       +....                  A - +1 naga barding
Stlth    ++++++....             G - amulet of guardian spirit
HPRegen  0.68/turn              N - ring "Jued" {rElec rF+ Str+3 Int+2}
MPRegen  0.17/turn              I - +3 ring of slaying

@: drained, very slow
A: large, antennae 1, see invisible, agile 1, blink, deformed body, poison
resistance, slowness 2, slow metabolism 1, spit poison 1, weak 1, constrict 1,
AC +4
a: Spit Poison, Blink, Bend Time, Temporal Distortion, Slouch, Step From Time,
Renounce Religion


You were on level 5 of the Lair of Beasts.
You worshipped Cheibriados.
Cheibriados was exalted by your worship.
You were not hungry.

You visited 2 branches of the dungeon, and saw 17 of its levels.

You collected 880 gold pieces.

Inventory:

Hand Weapons
 l - a +2 flail of holy wrath
 n - a +3 whip of electrocution (weapon)
 y - a +0 morningstar of flaming
Missiles
 d - 7 throwing nets (quivered)
 R - 8 javelins
Armour
 a - the +3 crown of Dyrovepreva (worn) {rElec Int+2 SInv}
   (You found it on level 5 of the Dungeon)

   It affects your intelligence (+2).
   It insulates you from electricity.
   It lets you see invisible.
 g - a +0 buckler (worn)
 r - a +1 pair of gloves (worn)
 v - a +0 cloak (worn)
 A - a +1 naga barding (worn)
 B - a +0 troll leather armour (worn)
 K - a scarf of cloud immunity
Jewellery
 D - an uncursed amulet of magic regeneration
 G - an amulet of guardian spirit (around neck)
 I - a +3 ring of slaying (right hand)
 N - the ring "Jued" (left hand) {rElec rF+ Str+3 Int+2}
   (You found it on level 4 of the Lair of Beasts)

   [ring of protection from fire]

   It affects your strength (+3).
   It affects your intelligence (+2).
   It protects you from fire.
   It insulates you from electricity.
Wands
 w - a wand of paralysis (11)
 E - a wand of acid (2)
 P - a wand of iceblast (8)
Scrolls
 b - 2 scrolls of enchant armour
 j - 2 scrolls of immolation
 m - 9 scrolls of remove curse
 q - a scroll of blinking
 s - 6 scrolls of teleportation
 H - 2 scrolls of fog
 O - a scroll of silence
Potions
 c - a potion of haste {unknown}
 e - 4 potions of might
 h - 4 potions of flight
 k - 2 potions of lignification
 p - 4 potions of curing
 t - 2 potions of mutation
 u - 3 potions of brilliance
 x - a potion of invisibility
 z - a potion of magic
 C - 3 potions of cancellation
 F - a potion of agility
 J - a potion of heal wounds
 M - a potion of resistance
Books
 L - a book of Frost

   Spells                             Type                      Level
   a - Freeze                         Ice                          1
   b - Throw Frost                    Conjuration/Ice              2
   c - Ozocubu's Armour               Charms/Ice                   3
   d - Throw Icicle                   Conjuration/Ice              4
   e - Summon Ice Beast               Ice/Summoning                4
Comestibles
 f - 8 bread rations
 i - 6 meat rations
 o - 16 royal jellies
 Q - 5 fruits
 S - 3 chunks of flesh


   Skills:
 - Level 5.0(4.9) Fighting
 + Level 11.4(11.3) Maces & Flails
 - Level 2.0(1.9) Throwing
 - Level 5.4(5.3) Armour
 + Level 6.2(6.1) Dodging
 + Level 12.3(12.2) Stealth
 - Level 3.0(2.9) Shields
 - Level 10.0(9.8) Invocations
 - Level 10.0(9.8) Evocations


You had 12 spell levels left.
You didn't know any spells.

Dungeon Overview and Level Annotations

Branches:
Dungeon (12/15)            Temple (0/1) D:5            Lair (5/6) D:9
 Shoals (0/4) Lair:2        Snake (0/4) Lair:3          Orc (0/2) D:10
  Slime: Lair:5-6

Altars:
Cheibriados
Elyvilon
Fedhas
Hepliaklqana
Kikubaaqudgha
Makhleb
Okawaru
Wu Jian
Zin

Shops:
D:11 %

Annotations:
D:9 1 runed door
Lair:1 exclusion: oklob plant


Innate Abilities, Weirdness & Mutations

You cannot wear boots.
Your serpentine skin is tough. (AC +4)
You have supernaturally acute eyesight. (SInv)
Armour fits poorly on your strangely shaped body.
Your system is resistant to poisons. (rPois)
You cover ground very slowly.
You have a slow metabolism.
You can spit poison.
You can use your snake-like lower body to constrict enemies.
You have a pair of small antennae on your head.
You are agile. (Dex +2)
You can translocate small distances at will.
You are weak. (Str -2)


Message History

A swamp worm bursts forth from the water.
The swamp worm closely misses you.
A swamp worm bursts forth from the water.
The swamp worm bites you. The blink frog closely misses you.
A swamp worm bursts forth from the water.
The swamp worm bites you! The swamp worm barely misses you.
You block the swamp worm's attack. The swamp worm closely misses you.
The blink frog hits you! The swamp worm bites you!
* * * LOW HITPOINT WARNING * * *
The swamp worm bites you but does no damage.
The swamp worm misses you. The swamp worm bites you.
* * * LOW HITPOINT WARNING * * *
The blink frog hits you but does no damage.
The swamp worm bites you!
* * * LOW HITPOINT WARNING * * *
The swamp worm bites you.
* * * LOW HITPOINT WARNING * * *
The swamp worm bites you but does no damage.
The swamp worm bites you!
You die...

.............. .
...#.........
.P.≈...#.....
.P≈P....#..##
≈≈≈≈.......##
≈≈≈≈≈......#
#######≈≈≈.....##
##wF≈†≈#≈≈≈......#
#:w@≈≈≈≈≈≈≈†....P#
##≈ww≈†#≈≈≈≈††...###
#######≈≈≈≈....#.#.
≈≈≈≈≈≈........#
≈≈≈≈............
......(..........
.................
..#....#......P##
.#....P.P......


You could see 4 swamp worms and a blink frog.

Vanquished Creatures
  Josephine (Lair:4)
  2 hydras
  A death yak (Lair:1)
  2 two-headed ogres
  Nergalle (Lair:4)
  A manticore (Lair:2)
  3 black mambas (Lair:4)
  8 spiny frogs
  A rime drake (Lair:5)
  A kobold demonologist (D:11)
  5 komodo dragons
  A troll (D:7)
  A polar bear (Lair:4)
  3 hornets (D:8)
  10 blink frogs
  6 hippogriffs
  19 yaks
  4 basilisks
  5 wraiths (Lair:4)
  Eustachio (D:4)
  A wyvern (Lair:3)
  Grum (D:8)
  2 hungry ghosts
  3 swamp worms (Lair:5)
  2 nagas (Lair:3)
  4 water moccasins
  6 porcupines
  6 orc warriors
  A phantom (D:8)
  2 black bears
  4 sky beasts
  2 ice beasts (D:5)
  5 ogres
  A necrophage (D:5)
  9 wolves
  5 centaurs
  7 crocodiles
  5 big kobolds
  9 bullfrogs
  A gnoll sergeant (D:11)
  A scorpion (D:5)
  3 killer bees (D:10)
  9 wights (D:11)
  5 howler monkeys
  2 electric eels (D:10)
  A lava snake (Lair:5)
  5 crimson imps
  2 hounds
  A centaur skeleton (D:4)
  A centaur zombie (D:7)
  6 orc priests
  2 jellies
  7 orc wizards
  2 bullfrog skeletons
  4 iguanas
  9 worker ants
  A hound zombie (D:8)
  The ghost of p0werm0de the Skirmisher, a weakling VSAK of Lugonu (D:4)
  2 worker ant zombies
  16 gnolls
  16 adders
  2 shadow imps
  An ooze (D:1)
  3 adder skeletons
  12 worms
  5 dart slugs
  7 leopard geckos
  37 orcs
  7 bats
  9 giant cockroaches
  14 goblins
  8 hobgoblins
  16 jackals
  22 kobolds
  6 quokkas
  A frilled lizard (D:1)
  A quokka skeleton (D:4)
  10 rats
  2 fungi
411 creatures vanquished.

Vanquished Creatures (others)
  A quokka (D:9)
  3 bushes (D:9)
  4 fungi
  24 plants
32 creatures vanquished.

Grand Total: 443 creatures vanquished

Notes
Turn   | Place    | Note
-------+----------+-------------------------------------------
     0 | D:1      | KristoblXynda the Naga Gladiator began the quest for the Orb.
     0 | D:1      | Reached XP level 1. HP: 19/19 MP: 1/1
   165 | D:1      | Reached XP level 2. HP: 17/26 MP: 2/2
   327 | D:1      | Reached skill level 1 in Stealth
   432 | D:1      | Reached XP level 3. HP: 16/32 MP: 3/3
   922 | D:2      | Reached skill level 2 in Stealth
  1017 | D:2      | Reached XP level 4. HP: 30/39 MP: 4/4
  1392 | D:2      | Found a faded altar of an unknown god.
  1513 | D:2      | Reached skill level 3 in Stealth
  1683 | D:2      | Reached XP level 5. HP: 40/45 MP: 5/5
  2261 | D:3      | Reached skill level 1 in Armour
  2362 | D:3      | Noticed a sky beast
  2385 | D:3      | Killed a sky beast
  2385 | D:3      | Reached skill level 4 in Stealth
  2385 | D:3      | Reached XP level 6. HP: 26/52 MP: 6/6
  2640 | D:3      | Found a snail-covered altar of Cheibriados.
  2656 | D:3      | Became a worshipper of Cheibriados the Contemplative
  3185 | D:4      | Reached skill level 5 in Stealth
  3658 | D:4      | Reached * piety under Cheibriados
  3830 | D:4      | Reached skill level 5 in Maces & Flails
  3851 | D:4      | Found a glowing silver altar of Zin.
  3899 | D:4      | Noticed p0werm0de's ghost (weakling VSAK)
  3915 | D:4      | Killed p0werm0de's ghost
  3915 | D:4      | Reached XP level 7. HP: 60/60 MP: 7/7
  4001 | D:4      | Reached skill level 6 in Stealth
  4549 | D:4      | Noticed Eustachio
  4564 | D:4      | Killed Eustachio
  4645 | D:5      | Entered Level 5 of the Dungeon
  4678 | D:5      | Reached skill level 7 in Stealth
  4698 | D:5      | Reached ** piety under Cheibriados
  4862 | D:5      | Reached XP level 8. HP: 39/67 MP: 8/8
  5036 | D:5      | Found the +3 crown of Dyrovepreva {rElec Int+2 SInv}
  5091 | D:5      | Reached skill level 8 in Stealth
  5496 | D:5      | Found a staircase to the Ecumenical Temple.
  5908 | D:6      | Reached skill level 9 in Stealth
  6046 | D:6      | Found a blossoming altar of Fedhas.
  6050 | D:6      | Reached *** piety under Cheibriados
  6210 | D:6      | Found an ornate altar of the Wu Jian Council.
  6239 | D:6      | Reached XP level 9. HP: 73/73 MP: 9/9
  6264 | D:6      | Noticed a two-headed ogre
  6277 | D:6      | Killed a two-headed ogre
  6277 | D:6      | Reached skill level 5 in Armour
  6277 | D:6      | Reached skill level 10 in Stealth
  6812 | D:6      | Found an iron altar of Okawaru.
  6934 | D:6      | Identified the Guide on Earthen Intoxication
  7029 | D:7      | Reached skill level 1 in Evocations
  7102 | D:7      | Reached skill level 1 in Invocations
  7491 | D:7      | Reached **** piety under Cheibriados
  7726 | D:7      | Noticed a troll
  7732 | D:7      | Killed a troll
  7732 | D:7      | Reached XP level 10. HP: 80/80 MP: 12/12
  7952 | D:7      | Found a white marble altar of Elyvilon.
  7952 | D:7      | Found an ancient bone altar of Kikubaaqudgha.
  8198 | D:8      | Gained mutation: You have a pair of small antennae on your head. [mutagenic meat]
  8199 | D:8      | Gained mutation: You are weak. (Str -2) [mutagenic meat]
  8201 | D:8      | Gained mutation: You are agile. (Dex +2) [mutagenic meat]
  8202 | D:8      | Gained mutation: You can translocate small distances at will. [mutagenic meat]
  8544 | D:8      | Found a blossoming altar of Fedhas.
  8637 | D:8      | Found an ornate altar of the Wu Jian Council.
  8696 | D:8      | Reached skill level 5 in Invocations
  8931 | D:8      | Reached ***** piety under Cheibriados
  8935 | D:8      | Noticed Grum
  8954 | D:8      | Killed Grum
  8954 | D:8      | Reached skill level 5 in Evocations
  9088 | D:9      | Noticed a sixfirhy
  9091 | D:9      | Found a runed door.
  9143 | D:9      | Found a white marble altar of Elyvilon.
  9500 | D:9      | Found a burning altar of Makhleb.
  9624 | D:9      | Found a hazy altar of Hepliaklqana.
  9651 | D:9      | Reached skill level 10 in Maces & Flails
  9651 | D:9      | Reached XP level 11. HP: 67/86 MP: 14/16
  9678 | D:9      | Reached skill level 1 in Shields
  9762 | D:9      | Found a staircase to the Lair.
  9994 | D:10     | Entered Level 10 of the Dungeon
 10314 | D:10     | Noticed a two-headed ogre
 10329 | D:10     | Killed a two-headed ogre
 10862 | D:10     | Found a staircase to the Orcish Mines.
 10875 | D:10     | Reached ****** piety under Cheibriados
 11225 | D:11     | Found Litz's Food Shop.
 12008 | D:12     | Noticed a rakshasa
 12088 | D:12     | Noticed a two-headed ogre
 12088 | D:12     | Noticed a five-headed hydra
 12263 | Lair:1   | Entered Level 1 of the Lair of Beasts
 12412 | Lair:1   | Reached XP level 12. HP: 69/93 MP: 18/18
 12890 | Lair:1   | Reached skill level 5 in Dodging
 13319 | Lair:2   | Noticed a six-headed hydra
 13398 | Lair:2   | Found a staircase to the Shoals.
 13574 | Lair:2   | Noticed a death yak
 13575 | Lair:2   | Noticed a death yak
 13577 | Lair:2   | Noticed a death yak
 13605 | Lair:1   | Killed a death yak
 13774 | Lair:2   | Reached skill level 10 in Invocations
 13982 | Lair:2   | Killed a six-headed hydra
 14039 | Lair:3   | Found a staircase to the Snake Pit.
 14978 | Lair:4   | Reached skill level 5 in Fighting
 14978 | Lair:4   | Reached skill level 10 in Evocations
 15205 | Lair:4   | Noticed Nergalle
 15206 | Lair:4   | Got a translucent lead ring
 15209 | Lair:4   | Identified the ring "Jued" {rElec rF+ Str+3 Int+2} (You found it on level 4 of the Lair of Beasts)
 15216 | Lair:4   | Reached skill level 11 in Stealth
 15315 | Lair:4   | Noticed Josephine
 15348 | Lair:4   | Noticed a seven-headed hydra
 15433 | Lair:4   | Killed Nergalle
 15433 | Lair:4   | Gained mutation: You can use your snake-like lower body to constrict enemies. [Naga growth]
 15433 | Lair:4   | Reached XP level 13. HP: 49/109 MP: 20/20
 15604 | Lair:4   | Killed Josephine
 15757 | Lair:4   | Reached skill level 12 in Stealth
 16572 | Lair:5   | Slain by a swamp worm

Vault maps used:
D:1:      evilmike_arrival_rings, serial_corexii_hall,
          corexii_hall_statues_deadend, corexii_hall_statues_i,
          corexii_hall_statues_s, minmay_door_square
D:2:      cheibrodos_greedy_goblins, chequers_ecumenical_altar_simple,
          minmay_tall_x
D:3:      kennysheep_slug_shrine
D:4:      zin_scriptorium, first_bread, uniq_eustachio
D:5:      minmay_temple_entry_fiery, serial_park_tiny_pond
D:6:      kennysheep_mini, basic_altar, fedhas_altar_2
D:7:      gammafunk_temple_overflow_elements
D:8:      kennysheep_mini_moat, basic_altar, hangedman_pestilent_swarm,
          uniq_grum
D:9:      cheibrodos_shockbox, lemuel_coloured_pillars_altar,
          lemuel_doored_altar, minmay_lair_entry_grove, elyvilon_altar_4
D:10:     erik_orc_2
D:11:     serial_shops, shop
D:12:     uniq_erolcha
Lair:1:   minmay_lair_oklob_chamber, grunt_megastairs_3, serial_bayou_shore_a
Lair:2:   minmay_shoals_entry_beasts
Lair:3:   guppyfry_snake_entry_island, lab_entry_generic
Lair:4:   patterned_corridor, lemuel_fruit_tree, uniq_nergalle, uniq_josephine
Lair:5:   slime_dummy, worms_lemuel

Skill      XL: |  1  2  3  4  5  6  7  8  9 10 11 12 13 |
---------------+----------------------------------------+-----
Throwing       | 2 |  2.0
Stealth        | 1 2 3 4 5 7 9 10 11 12 | 12.3
Dodging        | 3 4 5 6 |  6.2
Maces & Flails | 4 5 7 8 10 11 | 11.4
Armour         | 1 2 3 4 5 |  5.4
Evocations     | 3 6 8 10 | 10.0
Invocations    | 3 6 9 10 | 10.0
Shields        | 3 |  3.0
Fighting       | 5 |  5.0

Action                   |  1- 3 |  4- 6 |  7- 9 | 10-12 | 13-15 || total
-------------------------+-------+-------+-------+-------+-------++-------
Melee: Flail             |    16 |       |    66 |    60 |    36 ||   178
       Whip              |    53 |   239 |   235 |   869 |    53 ||  1449
       Morningstar       |       |       |       |     4 |     2 ||     6
       Constrict         |       |       |       |       |    21 ||    21
 Abil: Spit Poison       |     4 |    17 |    15 |    29 |     1 ||    66
Evoke: Wand              |       |       |     6 |     9 |     1 ||    16
  Use: Potion            |       |     4 |     2 |     1 |       ||     7
       Scroll            |       |     6 |    13 |    18 |     5 ||    42
 Stab: Sleeping          |       |     8 |     6 |    29 |       ||    43
       Paralysed         |       |       |    14 |     8 |       ||    22
       Distracted        |       |       |       |     3 |       ||     3
  Eat: Chunk             |       |     9 |     4 |    11 |       ||    24
       Fruit             |       |     1 |     7 |     8 |     1 ||    17
       Royal jelly       |       |       |       |     2 |       ||     2
       Meat ration       |       |       |       |     1 |       ||     1
Armor: Leather armour    |    11 |    82 |    87 |       |       ||   180
       Skin              |       |     1 |     8 |    18 |       ||    27
       Ring mail         |       |       |   115 |       |       ||   115
       Troll leather arm |       |       |       |   356 |    41 ||   397
Dodge: Dodged            |    23 |   128 |   254 |   414 |    61 ||   880
Block: Buckler           |       |       |       |   240 |    34 ||   274

Table legend:
 A = Spawn XP
 B = Non-spawn XP
 C = Spawn XP percentage of total XP
 D = Spawn monster count
 E = Non-spawn monster count
 F = Spawn count percentage of total count
 G = Total turns spent on level
                    A         B        C        D         E        F      G
               +---------+---------+-------+---------+---------+-------+---------
         Total |       0 |   38757 |   0.0 |       0 |     409 |   0.0 | 16572
               +---------+---------+-------+---------+---------+-------+---------
           D:1 |       0 |      38 |   0.0 |       0 |      18 |   0.0 |   806
           D:2 |       0 |     150 |   0.0 |       0 |      28 |   0.0 |  1238
           D:3 |       0 |     205 |   0.0 |       0 |      28 |   0.0 |  1071
           D:4 |       0 |     639 |   0.0 |       0 |      32 |   0.0 |  1530
           D:5 |       0 |     918 |   0.0 |       0 |      23 |   0.0 |  1251
           D:6 |       0 |    1411 |   0.0 |       0 |      15 |   0.0 |  1095
           D:7 |       0 |    1527 |   0.0 |       0 |      35 |   0.0 |   988
           D:8 |       0 |    2323 |   0.0 |       0 |      36 |   0.0 |  1066
           D:9 |       0 |    3523 |   0.0 |       0 |      31 |   0.0 |   973
          D:10 |       0 |    3588 |   0.0 |       0 |      40 |   0.0 |  1274
          D:11 |       0 |    2074 |   0.0 |       0 |      32 |   0.0 |   757
        Lair:1 |       0 |    5377 |   0.0 |       0 |      20 |   0.0 |  1141
        Lair:2 |       0 |    3365 |   0.0 |       0 |      10 |   0.0 |   603
        Lair:3 |       0 |    3131 |   0.0 |       0 |      14 |   0.0 |   677
        Lair:4 |       0 |    8275 |   0.0 |       0 |      27 |   0.0 |  1658
        Lair:5 |       0 |    2213 |   0.0 |       0 |      20 |   0.0 |   230
               +---------+---------+-------+---------+---------+-------+---------
